3AAA
HIALEAH DODOS @ SIOUX FALLS RED PANDAS
09/17/2029
 
TOP OF THE 1ST
Hialeah Dodos batting - Pitching for Sioux Falls Red Pandas : LHP Manuel Rojas
Pitching: LHP Manuel Rojas
Batting: RHB Jorge Salgado 0-0: Reached on error, E6 (Groundball, 6)
Batting: RHB Stephen McManus 0-0: Foul Ball, location: 2F
0-1: Foul Ball, location: 2F
0-2: Ball
1-2: Ball
2-2: Foul Ball, location: 2F
2-2: Foul Ball, location: 2F
2-2: Ground out 5-3 (Groundball, 56S)
Jorge Salgado to second
Batting: SHB Javier Gonzáles 0-0: Called Strike
0-1: SINGLE (Groundball, 56S) (infield hit)
Jorge Salgado to third
Batting: LHB Scott Janousek 0-0: Called Strike
0-1: Ball
1-1: Ball
2-1: Ball
3-1: Called Strike
3-2: Base on Balls
Javier Gonzáles to second
Batting: RHB Zander Bailey 0-0: Ball
Passed Ball!
Jorge Salgado scores
Javier Gonzáles to third
Scott Janousek to second
1-0: Ball
2-0: SINGLE (Groundball, 56D)
Javier Gonzáles scores
Scott Janousek to third
Runner from 3rd tries for Home, SAFE, no throw
Batting: RHB Armando García 0-0: Ball
Zander Bailey is caught stealing 2nd base
1-0: Ball
2-0: Ground out 6-3 (Groundball, 6)
Top of the 1st over - 3 runs, 2 hits, 1 error, 0 left on base; Hialeah 3 - Sioux Falls 0
BOTTOM OF THE 1ST
Sioux Falls Red Pandas batting - Pitching for Hialeah Dodos : RHP Ralph Haggerty
Pitching: RHP Ralph Haggerty
Batting: RHB Hieu De 0-0: Ball
1-0: Foul Ball, location: 2F
1-1: Ball
2-1: Ball
3-1: Base on Balls
Batting: RHB Jay Parker 0-0: Ball
1-0: Ball
2-0: Ball
3-0: Base on Balls
Hieu De to second
Batting: LHB Fa-tang Wang 0-0: Fielders Choice at 2nd, 4-6 (Groundball, 4)
Hieu De to third
Batting: LHB John Brewer 0-0: Ball
Fa-tang Wang steals 2nd base
1-0: SINGLE (Groundball, 4D)
Hieu De scores
Fa-tang Wang to third
Batting: LHB Augustus Driscoll 0-0: Grounds into double play, 3-6-1 (Groundball, 3)
Bottom of the 1st over - 1 run, 1 hit, 0 errors, 1 left on base; Hialeah 3 - Sioux Falls 1
TOP OF THE 2ND
Hialeah Dodos batting - Pitching for Sioux Falls Red Pandas : LHP Manuel Rojas
Batting: RHB Aurelio Álvarez 0-0: Ball
1-0: Called Strike
1-1: Ball
2-1: Ball
3-1: Called Strike
3-2: Fly out, F8 (Flyball, 8RM)
Batting: RHB Lorenzo Ramírez 0-0: Swinging Strike
0-1: Fly out, F9 (Flyball, 9LS)
Batting: LHB Cole Thrash 0-0: Ball
1-0: Called Strike
1-1: Ball
2-1: Swinging Strike
2-2: Ball
3-2: Ground out 6-3 (Groundball, 6)
Top of the 2nd over - 0 runs, 0 hits, 0 errors, 0 left on base; Hialeah 3 - Sioux Falls 1
BOTTOM OF THE 2ND
Sioux Falls Red Pandas batting - Pitching for Hialeah Dodos : RHP Ralph Haggerty
Batting: RHB Pancho Salaedo 0-0: Ball
1-0: Called Strike
1-1: Ground out 6-3 (Groundball, 6)
Batting: RHB Matt Sheppard 0-0: Ball
1-0: Swinging Strike
1-1: Ball
2-1: Fly out, F7 (Flyball, 7LS)
Batting: RHB Rudko Hrnjak 0-0: Ball
1-0: Ball
2-0: Called Strike
2-1: SINGLE (Flyball, 7LS)
Batting: RHB Steve Dunn 0-0: Called Strike
0-1: Foul Ball, location: 2F
0-2: Ball
1-2: Strikes out swinging
Bottom of the 2nd over - 0 runs, 1 hit, 0 errors, 1 left on base; Hialeah 3 - Sioux Falls 1
TOP OF THE 3RD
Hialeah Dodos batting - Pitching for Sioux Falls Red Pandas : LHP Manuel Rojas
Batting: RHB Jorge Salgado 0-0: Ball
1-0: Called Strike
1-1: Ball
2-1: Fly out, F8 (Flyball, 8RXD)
Batting: RHB Stephen McManus 0-0: Ball
1-0: Called Strike
1-1: Swinging Strike
1-2: Foul Ball, location: 2F
1-2: Strikes out looking
Batting: SHB Javier Gonzáles 0-0: Called Strike
0-1: Fly out, F8 (Flyball, 8RM)
Top of the 3rd over - 0 runs, 0 hits, 0 errors, 0 left on base; Hialeah 3 - Sioux Falls 1
BOTTOM OF THE 3RD
Sioux Falls Red Pandas batting - Pitching for Hialeah Dodos : RHP Ralph Haggerty
Batting: RHB Hieu De 0-0: Ball
1-0: Ball
2-0: Called Strike
2-1: Foul Ball, location: 2F
2-2: Ball
3-2: DOUBLE (Line Drive, 78M)
Batting: RHB Jay Parker 0-0: Ball
1-0: Foul Ball, location: 2F
1-1: Ground out 3-1 (Groundball, 34S)
Hieu De to third
Batting: LHB Fa-tang Wang 0-0: Ball
1-0: Foul Ball, location: 2F
1-1: Ball
2-1: Foul Ball, location: 2F
2-2: Fly out, F8 (Flyball, 8LM)
Runner from 3rd tags up, SCORES, throw made
Batting: LHB John Brewer 0-0: Foul Ball, location: 2F
0-1: Ground out 4-3 (Groundball, 4)
Bottom of the 3rd over - 1 run, 1 hit, 0 errors, 0 left on base; Hialeah 3 - Sioux Falls 2
TOP OF THE 4TH
Hialeah Dodos batting - Pitching for Sioux Falls Red Pandas : LHP Manuel Rojas
Batting: LHB Scott Janousek 0-0: Called Strike
0-1: Ball
1-1: Ball
2-1: Foul Ball, location: 2F
2-2: Ball
3-2: Ground out 3-1 (Groundball, 34)
Batting: RHB Zander Bailey 0-0: Called Strike
0-1: Called Strike
0-2: SINGLE (Groundball, 3D)
Batting: RHB Armando García 0-0: Called Strike
0-1: Ball
1-1: Ball
2-1: Swinging Strike
2-2: Foul Ball, location: 2F
2-2: Ball
3-2: Foul Ball, location: 2F
3-2: Foul Ball, location: 2F
3-2: Fly out, F6 (Line Drive, 6M)
Batting: RHB Aurelio Álvarez 0-0: Fly out, F9 (Flyball, 9S)
Top of the 4th over - 0 runs, 1 hit, 0 errors, 1 left on base; Hialeah 3 - Sioux Falls 2
BOTTOM OF THE 4TH
Sioux Falls Red Pandas batting - Pitching for Hialeah Dodos : RHP Ralph Haggerty
Batting: LHB Augustus Driscoll 0-0: Called Strike
0-1: Called Strike
0-2: Ball
1-2: Fly out, F5 (Popup, 25F)
Batting: RHB Pancho Salaedo 0-0: Called Strike
0-1: Called Strike
0-2: Strikes out swinging
Batting: RHB Matt Sheppard 0-0: Ball
1-0: SINGLE (Line Drive, 7LS)
Batting: RHB Rudko Hrnjak 0-0: Ball
1-0: Called Strike
1-1: Foul Ball, location: 2F
1-2: Strikes out swinging
Bottom of the 4th over - 0 runs, 1 hit, 0 errors, 1 left on base; Hialeah 3 - Sioux Falls 2
TOP OF THE 5TH
Hialeah Dodos batting - Pitching for Sioux Falls Red Pandas : LHP Manuel Rojas
Batting: RHB Lorenzo Ramírez 0-0: Foul Ball, location: 2F
0-1: Swinging Strike
0-2: Ball
1-2: Ground out 5-3 (Groundball, 56)
Batting: LHB Cole Thrash 0-0: Ball
1-0: Ball
2-0: Called Strike
2-1: Called Strike
2-2: Foul Ball, location: 2F
2-2: Fly out, F7 (Line Drive, 7)
Batting: RHB Jorge Salgado 0-0: Ball
1-0: Called Strike
1-1: Ground out U3 (Groundball, 3)
Top of the 5th over - 0 runs, 0 hits, 0 errors, 0 left on base; Hialeah 3 - Sioux Falls 2
BOTTOM OF THE 5TH
Sioux Falls Red Pandas batting - Pitching for Hialeah Dodos : RHP Ralph Haggerty
Batting: RHB Steve Dunn 0-0: Called Strike
0-1: Ball
1-1: Ball
2-1: Ball
3-1: Ground out 5-3 (Groundball, 56S)
Batting: RHB Hieu De 0-0: Ball
1-0: Ball
2-0: Foul Ball, location: 2F
2-1: Ball
3-1: Foul Ball, location: 2F
3-2: Base on Balls
Batting: RHB Jay Parker 0-0: Ball
Throwing error on steal attempt, E2
Hieu De to third
1-0: Ball
2-0: Ground out 1-3 (Groundball, 15)
Batting: LHB Fa-tang Wang 0-0: Ball
1-0: Called Strike
1-1: Ball
2-1: Foul Ball, location: 2F
2-2: Ground out 4-3 (Groundball, 4)
Bottom of the 5th over - 0 runs, 0 hits, 1 error, 1 left on base; Hialeah 3 - Sioux Falls 2
TOP OF THE 6TH
Hialeah Dodos batting - Pitching for Sioux Falls Red Pandas : LHP Manuel Rojas
Batting: RHB Stephen McManus 0-0: Called Strike
0-1: Ball
1-1: Swinging Strike
1-2: Foul Ball, location: 2F
1-2: Ball
2-2: DOUBLE (Line Drive, 78D)
Pitching: RHP Gunner Hardy
Batting: SHB Javier Gonzáles 0-0: Foul Ball, location: 2F
0-1: Called Strike
0-2: Ground out 4-3 (Groundball, 4)
Stephen McManus to third
Batting: LHB Scott Janousek 0-0: Swinging Strike
0-1: Ball
1-1: Ball
2-1: Foul Ball, location: 2F
2-2: Strikes out swinging
Batting: RHB Zander Bailey 0-0: Called Strike
0-1: Fly out, F7 (Flyball, 7S)
Top of the 6th over - 0 runs, 1 hit, 0 errors, 1 left on base; Hialeah 3 - Sioux Falls 2
BOTTOM OF THE 6TH
Sioux Falls Red Pandas batting - Pitching for Hialeah Dodos : RHP Ralph Haggerty
Batting: LHB John Brewer 0-0: Foul Ball, location: 2F
0-1: Foul Ball, location: 2F
0-2: Ball
1-2: Ball
2-2: Ball
3-2: Base on Balls
Batting: LHB Augustus Driscoll 0-0: Foul Ball, location: 2F
0-1: Ball
1-1: Ball
2-1: Ball
3-1: Swinging Strike
3-2: SINGLE (Line Drive, 9S)
John Brewer to second
Batting: RHB Pancho Salaedo 0-0: Ball
1-0: Foul Ball, location: 2F
1-1: Foul Ball, location: 2F
1-2: Ball
2-2: Foul Ball, location: 2F
2-2: Foul Ball, location: 2F
2-2: Strikes out swinging
Batting: RHB Matt Sheppard 0-0: Grounds into double play, 6-4-3 (Groundball, 6)
Bottom of the 6th over - 0 runs, 1 hit, 0 errors, 1 left on base; Hialeah 3 - Sioux Falls 2
TOP OF THE 7TH
Hialeah Dodos batting - Pitching for Sioux Falls Red Pandas : RHP Gunner Hardy
Batting: RHB Armando García 0-0: Ball
1-0: Ball
2-0: Ground out 6-3 (Groundball, 6)
Batting: RHB Aurelio Álvarez 0-0: Ball
1-0: Ball
2-0: Called Strike
2-1: Fly out, F6 (Line Drive, 6)
Batting: RHB Lorenzo Ramírez 0-0: Ground out 1-3 (Groundball, P)
Top of the 7th over - 0 runs, 0 hits, 0 errors, 0 left on base; Hialeah 3 - Sioux Falls 2
BOTTOM OF THE 7TH
Sioux Falls Red Pandas batting - Pitching for Hialeah Dodos : RHP Ralph Haggerty
Batting: RHB Rudko Hrnjak 0-0: Called Strike
0-1: Ball
1-1: Fly out, F5 (Line Drive, 56)
Batting: RHB Steve Dunn 0-0: Ball
1-0: Foul Ball, location: 2F
1-1: Ground out 4-3 (Groundball, 4)
Batting: RHB Hieu De 0-0: Ball
1-0: Foul Ball, location: 2F
1-1: Ball
2-1: Swinging Strike
2-2: Strikes out swinging
Bottom of the 7th over - 0 runs, 0 hits, 0 errors, 0 left on base; Hialeah 3 - Sioux Falls 2
TOP OF THE 8TH
Hialeah Dodos batting - Pitching for Sioux Falls Red Pandas : RHP Gunner Hardy
Pitching: RHP Greg Rook
Batting: LHB Cole Thrash 0-0: Ball
1-0: Called Strike
1-1: Foul Ball, location: 2F
1-2: Ball
2-2: Fly out, F7 (Flyball, 7LSF)
Batting: RHB Jorge Salgado 0-0: Foul Ball, location: 2F
0-1: Ball
1-1: Foul Ball, location: 2F
1-2: Foul Ball, location: 2F
1-2: Ball
2-2: Strikes out swinging
Batting: RHB Stephen McManus 0-0: Foul Ball, location: 2F
0-1: Called Strike
0-2: Strikes out swinging
Top of the 8th over - 0 runs, 0 hits, 0 errors, 0 left on base; Hialeah 3 - Sioux Falls 2
BOTTOM OF THE 8TH
Sioux Falls Red Pandas batting - Pitching for Hialeah Dodos : RHP Ralph Haggerty
Pitching: LHP Travis Grant
Batting: RHB Jay Parker 0-0: Ball
1-0: Called Strike
1-1: Ball
2-1: Ball
3-1: Foul Ball, location: 2F
3-2: SINGLE (Line Drive, 56D)
Pinch Hitting: RHB John MacGregor 0-0: Called Strike
0-1: Grounds into double play, 5-4-3 (Groundball, 56)
Batting: LHB John Brewer 0-0: Ball
1-0: DOUBLE (Groundball, 3L)
Batting: LHB Augustus Driscoll 0-0: Ball
1-0: Ball
2-0: Foul Ball, location: 2F
2-1: Ball
3-1: Called Strike
3-2: Foul Ball, location: 2F
3-2: Base on Balls
Pinch Runner at 2nd José Ortega:
Batting: RHB Pancho Salaedo 0-0: Ball
1-0: Ground out 5-3 (Groundball, 56)
Bottom of the 8th over - 0 runs, 2 hits, 0 errors, 2 left on base; Hialeah 3 - Sioux Falls 2
TOP OF THE 9TH
Hialeah Dodos batting - Pitching for Sioux Falls Red Pandas : RHP Greg Rook
Now at 1B: John MacGregor
Now in RF: José Ortega
Batting: SHB Javier Gonzáles 0-0: Called Strike
0-1: Ground out 5-3 (Groundball, 5L)
Batting: LHB Scott Janousek 0-0: Foul Ball, location: 2F
0-1: Ground out 4-3 (Groundball, 4)
Batting: RHB Zander Bailey 0-0: Ball
1-0: SINGLE (Groundball, 56D)
Batting: RHB Armando García 0-0: Ball
1-0: Ball
2-0: Foul Ball, location: 2F
2-1: Foul Ball, location: 2F
2-2: Ground out 1-3 (Groundball, 15S)
Top of the 9th over - 0 runs, 1 hit, 0 errors, 1 left on base; Hialeah 3 - Sioux Falls 2
BOTTOM OF THE 9TH
Sioux Falls Red Pandas batting - Pitching for Hialeah Dodos : LHP Travis Grant
Pitching: RHP Olegário Pa
Now at SS: Robert Emmet Odlum
Pinch Hitting: LHB Francisco Ornelas 0-0: Ball
1-0: Foul Ball, location: 2F
1-1: Called Strike
1-2: Ball
2-2: Ball
3-2: Foul Ball, location: 2F
3-2: Fly out, F8 (Flyball, 89XD)
Batting: RHB Rudko Hrnjak 0-0: DOUBLE (Line Drive, 7LD)
Pinch Hitting: LHB Magali Lenidas 0-0: Ball
1-0: TRIPLE (Flyball, 9LD)
Rudko Hrnjak scores
Batting: RHB Hieu De 0-0: Intentional Walk
Batting: RHB Jay Parker 0-0: Called Strike
0-1: Fly out, F4 (Popup, 34D)
Batting: RHB John MacGregor 0-0: Ball
1-0: SINGLE (Groundball, 4D)
Magali Lenidas scores
Tuesday, December 19th, 2017 - OOTP Baseball 18.8 Build 76